 Dungeon Crawl Stone Soup version 0.28-a0-1038-g9c4cb8273d (webtiles) character file.

Game seed: 8857134964591928616

88 spiderkeys the Ducker (level 4, -10/22 HPs)
             Began as a Felid Abyssal Knight on Dec 8, 2021.
             Was a Follower of Lugonu.
             Mangled by an ogre (32 damage)
             ... on level 4 of the Dungeon.
             The game lasted 00:11:31 (7475 turns).

spiderkeys the Ducker (Felid Abyssal Knight)        Turns: 7475, Time: 00:11:31

Health: -10/22     AC:  1    Str:  9    XL:     4   Next: 29%
Magic:  7/7        EV: 21    Int: 12    God:    Lugonu [*.....]
Gold:   166        SH:  0    Dex: 26    Spells: 3/3 levels left
                                        Lives:  0   Deaths: 1

rFire   . . .      SeeInvis +     - Unarmed
rCold   . . .      Faith    .   (shield unavailable)
rNeg    . . .      Spirit   .   (armour unavailable)
rPois   +          Reflect  .   (helmet unavailable)
rElec   .          Harm     .   (cloak unavailable)
rCorr   .          Rampage  .   (gloves unavailable)
Will    .....                   (boots unavailable)
Stlth   +++.......              (no amulet)
HPRegen 0.07/turn               P - ring of poison resistance
MPRegen 0.10/turn               D - +6 ring of dexterity

@: quick
A: very small, claws 1, fangs 3, see invisible, speed 1, shaggy fur 1, stealthy
paws, no weapons or thrown items, no armour, multi-lived, agile 1
a: Renounce Religion, Depart the Abyss


You were on level 4 of the Dungeon.
You worshipped Lugonu.
Lugonu was aware of your devotion.
You visited 1 branch of the dungeon, and saw 4 of its levels.
You visited the Abyss 1 time.

You collected 166 gold pieces.


Innate Abilities, Weirdness & Mutations

You have sharp claws.
You have razor-sharp teeth.
You have supernaturally acute eyesight. (SInv)
You cover ground quickly. (Speed+)
You are covered in fur. (AC +1)
Your paws help you pounce on unaware monsters.
You are incapable of wielding weapons or throwing items.
You cannot wear armour.
You gain extra lives every three experience levels.
You are agile. (Dex +2)


   Skills:
 + Level 3.7 Fighting
 + Level 4.4 Dodging
 + Level 3.0 Stealth
 + Level 3.0 Unarmed Combat
 + Level 2.8 Invocations


You had 3 spell levels left.
You didn't know any spells.
Your spell library was empty.

Inventory:

Jewellery
 D - a +6 ring of dexterity (right paw)
   (You found it on level 4 of the Dungeon)
 P - a ring of poison resistance (left paw)
   (You found it on level 3 of the Abyss)
Wands
 f - a wand of polymorph (8)
   (You found it on level 4 of the Dungeon)
Scrolls
 b - 2 scrolls of immolation {!r!r}
 c - 2 scrolls of enchant armour
 e - a scroll of enchant weapon
 i - a scroll of identify {@r1}
 j - a scroll of teleportation {unknown}
Potions
 a - a potion of berserk rage {unknown}
 d - 4 potions of curing {@q1}
 g - a potion of invisibility {unknown}
 h - 2 potions of magic {unknown}
 k - a potion of heal wounds {unknown}

Dungeon Overview and Level Annotations

Branches:
Dungeon (4/15)
 Temple: D:4-7

Altars:
Ashenzari

Shops:
D:2 *

Annotations:
D:3 Terence
D:4 Dowan; Duvessa; Ijyb; Pikel; ThanksArdit's ghost, novice MiGl

.#####.########..e. #...#
#.... #....## ##... ###
#.....####...... ...e
##.............. ...#
##.............. #..#
######............##. #..#
#####............##..# #.
#..####......O@.........##.
##
#........................
..
#............###..≈≈≈≈≈≈≈
.. #..........###
#..≈≈≈≈≈≈≈ #......##...#
#..≈≈##### #...######..#
#..≈≈#g# #.### ##..#
##.≈≈#... ###.# ### #.≈≈#
#. #...##


You could see an ogre and a gnoll.


Message History

Your hp is fully restored (25).
There is a stone staircase leading down here.
You climb downwards.
Level annotation: Dowan, Duvessa, Pikel
There is a stone staircase leading up here.
You climb upwards.
Level annotation: Terence
There is a stone staircase leading down here.
You see here a +0 club.
You open the door.
There is an open door here.
There is an open door here.
There is an open door here.
There is a stone staircase leading down here.
You climb downwards.
Level annotation: Dowan, Duvessa, Pikel
There is a stone staircase leading up here.
Found a helmet.
Found a stone staircase leading down.
f - a wand of polymorph (8)
g - a fuming cyan potion
h - 2 blue potions You see here a +0 robe.
A lemure comes into view.
The lemure shouts!
There is a stone staircase leading up here.
d - 3 potions of curing {@q1} (gained 1)
Found a stone staircase leading down.
You closely miss the adder skeleton.
You bite the adder skeleton, but do no damage.
The adder skeleton bites you. 😕 HP[-3]
You take 3 damage, and now have 22/25 hp.
You scratch the adder skeleton.
The adder skeleton completely misses you.
You scratch the adder skeleton.
The adder skeleton bites you but does no damage.
You closely miss the adder skeleton. The adder skeleton closely misses you.
You scratch the adder skeleton. The adder skeleton bites you. 😕 HP[-1]
You take 1 damage, and now have 21/25 hp.
You barely miss the adder skeleton.
You bite the adder skeleton, but do no damage.
The adder skeleton misses you.
You scratch the adder skeleton. The adder skeleton bites you. 😕 HP[-2]
You take 2 damage, and now have 19/25 hp.
You scratch the adder skeleton.
You destroy the adder skeleton!
Lugonu accepts your kill.
You start resting. 😎 HP[+6]
Your hp is fully restored (25).
i - a scroll of identify {@r1}
j - a scroll labelled GUWYAN WIURO The gnoll shouts!
An adder comes into view.
The helpless adder fails to defend itself.
You mangle the adder!!
You kill the adder!
Lugonu accepts your kill.
You see here an adder corpse.
The gnoll shouts!
You hear a shout!
ThanksArdit's ghost turns its malevolent gaze towards you.
The gnoll sergeant shouts!
Ijyb the Twisted Goblin comes into view.
She is wielding a +4 spectral club and carrying a wand of acid (5).
Ijyb shouts!
You closely miss Ijyb.
Ijyb zaps a wand.
The bolt of acid hits you!!
Ouch! That really hurt!
You die...
The acid corrodes you!
You are now level 4!
You rejoin the land of the living...
Found four items.
Found an escape hatch in the ceiling. 😎 HP[-3] MP[-1]
You now have 22 max hp (-3).
Unknown command.
k - a murky sapphire potion An ogre comes into view.
It is wielding a +0 giant club.
You see here a +2 buckler.
d - 4 potions of curing {@q1} (gained 1)
D - a +6 ring of dexterity You feel agile.
D - a +6 ring of dexterity (right paw)
You see here a +2 buckler.
The ogre shouts!
A ball python comes into view.
The helpless ball python fails to defend itself.
You mangle the ball python!!
You kill the ball python!
Lugonu accepts your kill.
The gnoll shouts!
You hear a shout!
The ogre misses you.
You scratch the ogre but do no damage. The ogre misses you.
You scratch the ogre but do no damage. You bite the ogre.
You scratch the ogre but do no damage.
The ogre hits you with a +0 giant club!!
Ouch! That really hurt!
You die...

Skill      XL: |  1  2  3  4  5 |
---------------+----------------+-----
Stealth        | 1 2 3 |  3.0
Invocations    | 2 |  2.8
Dodging        | 4 |  4.4
Unarmed Combat | 3 |  3.0
Fighting       | |  3.7

Action                   |  1- 3 |  4- 6 || total
-------------------------+-------+-------++-------
Melee: Unarmed           |   146 |    75 ||   221
       Bite              |    15 |    11 ||    26
       Punch             |     2 |       ||     2
Invok: Depart the Abyss  |     1 |       ||     1
  Use: Scroll            |     4 |     5 ||     9
       Potion            |     1 |     1 ||     2
 Stab: Sleeping          |     4 |     4 ||     8
       Distracted        |     1 |     1 ||     2
Armor: Skin              |     2 |     3 ||     5
Dodge: Dodged            |   105 |    53 ||   158

Levels and vault maps discovered:
D:1:      dpeg_arrival_rooms_b, layout_basic, basic_ecumenical_altar
D:2:      layout_basic, basic_altar, serial_shops,
          nicolae_shop_advertising_works [nicolae_subvault_shop_adworks],
          kennysheep_path_1, chequers_serial_rivers_micro_b
D:3:      layout_loops_corners, uniq_terence
D:4:      layout_cave_pods, gammafunk_ghost_gnarly_gnolls, uniq_pikel,
          uniq_duvessa, uniq_ijyb

Notes
Turn   | Place    | Note
-------+----------+-------------------------------------------
     0 | Abyss:1  | spiderkeys the Felid Abyssal Knight began the quest for the
                  | Orb.
     0 | Abyss:1  | Reached XP level 1. HP: 10/10 MP: 3/3
     0 | Abyss:1  | magus.rc [v1.9.10]
    37 | Abyss:1  | Found a corrupted altar of Lugonu.
    75 | Abyss:1  | Found a corrupted altar of Lugonu.
   127 | Abyss:1  | Found a corrupted altar of Lugonu.
   174 | Abyss:1  | Found a corrupted altar of Lugonu.
   252 | Abyss:1  | Found a corrupted altar of Lugonu.
   414 | Abyss:1  | Found a corrupted altar of Lugonu.
   419 | Abyss:1  | Noticed a bone dragon
   447 | Abyss:1  | Noticed a small abomination
   447 | Abyss:1  | Noticed an iron imp
   464 | Abyss:1  | Noticed a small abomination
   472 | Abyss:1  | Noticed an ancient zyme
   533 | Abyss:2  | Found a corrupted altar of Lugonu.
   579 | Abyss:3  | Found a corrupted altar of Lugonu.
   641 | Abyss:3  | Noticed a neqoxec
   641 | Abyss:3  | Gained mutation: You are agile. (Dex +2) [a neqoxec]
   647 | D:1      | You pass through the gate.
   647 | D:1      | Escaped the Abyss
  1241 | D:1      | HP: 1/10 [frozen (5)]
  1539 | D:1      | Reached skill level 1 in Stealth
  1539 | D:1      | Reached skill level 2 in Invocations
  1539 | D:1      | Reached XP level 2. HP: 11/14 MP: 4/4
  1637 | D:1      | HP: 1/14 [quokka (4)]
  2236 | D:1      | Found a faded altar of an unknown god.
  2490 | D:2      | Found a broken altar of Ashenzari.
  2578 | D:2      | Reached XP level 3. HP: 12/17 MP: 5/5
  2961 | D:2      | Reached * piety under Lugonu
  3142 | D:2      | Reached skill level 2 in Stealth
  3400 | D:2      | Found Retomy's General Store.
  4839 | D:3      | Reached skill level 4 in Dodging
  4839 | D:3      | Reached XP level 4. HP: 21/21 MP: 6/6
  5406 | D:3      | Noticed Terence
  6427 | D:4      | Noticed Pikel
  6427 | D:4      | Noticed a lemure
  6427 | D:4      | Noticed a lemure
  6577 | D:3      | magus.rc [v1.9.10]
  6645 | D:4      | Noticed Duvessa
  6645 | D:4      | Noticed Dowan
  6717 | D:4      | Reached XP level 5. HP: 19/25 MP: 8/8
  6720 | D:4      | Reached skill level 3 in Unarmed Combat
  6842 | D:4      | Noticed an ogre
  6849 | D:4      | Reached skill level 3 in Stealth
  6849 | D:4      | HP: 2/25 [orc wizard/magic dart (7)]
  6863 | D:4      | HP: 5/25 [orc wizard/magic dart (4)]
  7227 | D:4      | Noticed a lemure
  7406 | D:4      | Noticed ThanksArdit's ghost (novice MiGl)
  7421 | D:4      | Noticed Ijyb
  7422 | D:4      | Killed from afar by Ijyb
  7423 | D:4      | Reached XP level 4. HP: -10/22 MP: 7/7
  7427 | D:4      | Noticed an ogre
  7475 | D:4      | Mangled by an ogre

Vanquished Creatures
  An orc priest (D:3)
  A bullfrog skeleton (D:4)
  4 adders
  An adder skeleton (D:4)
  3 worms (D:2)
  5 orcs
  8 ball pythons
  4 bats
  5 endoplasms
  3 giant cockroaches
  7 goblins
  7 hobgoblins
  4 jackals (D:2)
  3 kobolds
  5 quokkas
  A frilled lizard (D:2)
  3 rats
65 creatures vanquished.

Vanquished Creatures (others)
  6 plants (D:4)
6 creatures vanquished.

Grand Total: 71 creatures vanquished

Table legend:
 A = Non-vault XP
 B = Vault XP
 C = Vault XP percentage of total XP
 D = Non-vault monster count
 E = Vault monster count
 F = Vault count percentage of total count
                 A         B        C        D         E       F
            +---------+---------+-------+---------+---------+-------
      Total |     250 |       0 |   0.0 |      65 |       0 |   0.0
            +---------+---------+-------+---------+---------+-------
        D:1 |      31 |       0 |   0.0 |      17 |       0 |   0.0
        D:2 |      60 |       0 |   0.0 |      24 |       0 |   0.0
        D:3 |      93 |       0 |   0.0 |      15 |       0 |   0.0
        D:4 |      66 |       0 |   0.0 |       9 |       0 |   0.0
            +---------+---------+-------+---------+---------+-------

Illustrated notes

Table legend:
 A = Kills in this place as a percentage of kills in entire the game.
 B = Kills by you in this place as a percentage of kills by you in the entire game.
 C = Kills by friends in this place as a percentage of kills by friends in the entire game.
 D = Other kills in this place as a percentage of other kills in the entire game.
 E = Experience gained in this place as a percentage of experience gained in the entire game.
 F = Experience gained in this place divided by the number of levels of this place that you have seen.
                   A       B       C       D       E      F
               +-------+-------+-------+-------+-------+----------------------
         Total | 100.0 | 100.0 |   N/A |   N/A | 100.0 |  35.7
       Dungeon | 100.0 | 100.0 |   N/A |   N/A | 100.0 |  62.5
               +-------+-------+-------+-------+-------+----------------------

Table legend: (Time is in decaauts)
 A = Elapsed time spent in this place.
 B = Non-inter-level travel time spent in this place.
 C = Inter-level travel time spent in this place.
 D = Time resting spent in this place.
 E = Time spent auto-exploring this place.
 F = Levels seen in this place.
 G = Mean time per level.
                   A        B        C        D        E       F      G
               +--------+--------+--------+--------+--------+-----+--------+
         Total |   6695 |   6511 |    184 |   2026 |   3294 |   7 |  956.4 |
       Dungeon |   6175 |   5991 |    184 |   2026 |   2931 |   4 | 1543.8 |
         Abyss |    520 |    520 |      0 |      0 |    363 |   3 |  173.3 |
               +--------+--------+--------+--------+--------+-----+--------+

Top non-repeatable levels by time:
     D:1: 2339 daAuts
     D:3: 1735 daAuts
     D:2: 1623 daAuts
     D:4: 476 daAuts
 Abyss:1: 423 daAuts
 Abyss:3: 55 daAuts
 Abyss:2: 40 daAuts
